[Event "White Rook U14 Final 2019"]
[Site "Sochi"]
[Date "2019.06.06"]
[Round "1.4"]
[White "Putar, Lara"]
[Black "Unurzul, Davaakhuu"]
[Result "1-0"]
[ECO "D77"]
[WhiteElo "1646"]
[BlackElo "1442"]
[Annotator "NA RC"]
[PlyCount "83"]
[EventDate "2019.06.02"]
[EventCountry "RUS"]
[SourceTitle "playchess.com"]
[Source "ChessBase"]
[SourceQuality "1"]
[TimeControl "5400+30"]

1. d4 Nf6 2. c4 g6 3. Nf3 d5 4. g3 Bg7 5. Bg2 O-O 6. O-O Na6 7. Nc3 e6 8. Bg5 c6 9. Qd2 b6 10. Rac1 Bb7 11. Ne5 Qd6 12. Bxf6 Bxf6 13. Ng4 Bg7 14. Rfd1 Rac8 15. e4 Nc7 16. e5 Qe7 17. Qf4 Ne8 18. cxd5 exd5 19. Re1 h5 20. Ne3 f6 21. e6 Nd6 22. Rc2 Qxe6 23. Rce2 Qd7 24. h4 Rce8 25. Kh2 Kh7 26. Bh3 Qd8 27. Nc2 Rxe2 28. Rxe2 g5 29. Bf5+ Kh6 30. Qf3 Nxf5 31. Qxf5 Bc8 32. Qd3 Qd7 33. hxg5+ fxg5 34. Ne1 Qh3+ 35. Kg1 b5 36. Nd1 Bf5 37. Qe3 Be4 38. f3 Bxf3 39. Nxf3 Qxg3+ 40. Rg2 Qxf3 41. Qxg5+ Kh7 42. Qxg7# 1-0

[Event "White Rook U14 Final 2019"]
[Site "Sochi"]
[Date "2019.06.06"]
[Round "1.7"]
[White "Irgit, Arina"]
[Black "Shirkunov, Alexandr"]
[Result "0-1"]
[ECO "A83"]
[WhiteElo "1256"]
[BlackElo "1557"]
[Annotator "NA RC"]
[PlyCount "134"]
[EventDate "2019.06.02"]
[EventCountry "RUS"]
[SourceTitle "playchess.com"]
[Source "ChessBase"]
[SourceQuality "1"]
[TimeControl "5400+30"]

1. d4 f5 2. e4 fxe4 3. Nc3 Nf6 4. Bg5 c6 5. Bxf6 exf6 6. Nxe4 d5 7. Ng3 Bd6 8. Bd3 g6 9. Nf3 Kf7 10. O-O Nd7 11. c4 dxc4 12. Bxc4+ Kg7 13. d5 Nb6 14. Bb3 cxd5 15. Qd4 Be6 16. Rad1 Re8 17. Rfe1 Rc8 18. Qd3 Qd7 19. Nd4 Bf7 20. Nb5 Bb8 21. Nc3 Rxe1+ 22. Rxe1 Be5 23. Nge2 Nc4 24. Bxc4 Rxc4 25. g3 Qh3 26. f4 Bxf4 27. Nxf4 Rxf4 28. Qd2 Rf5 29. Qg2 Qxg2+ 30. Kxg2 Re5 31. Rd1 f5 32. Kf3 Re7 33. a3 Rd7 34. Nb5 a6 35. Nd4 Rc7 36. Ke3 b5 37. Kd3 Kf6 38. Rf1 Kg7 39. Re1 Kf6 40. Rf1 Ke5 41. Re1+ Kd6 42. Rd1 Be8 43. Re1 Re7 44. Rc1 Bd7 45. Rd1 Re4 46. Rf1 h5 47. Rf4 g5 48. Rf2 f4 49. gxf4 Rxf4 50. Rxf4 gxf4 51. Nf3 Bf5+ 52. Kd4 Be4 53. Nd2 f3 54. Ke3 Ke5 55. Nxf3+ Bxf3 56. Kxf3 d4 57. b4 Kf5 58. h4 Ke5 59. Ke2 Ke4 60. Kd2 d3 61. Kd1 Ke3 62. Ke1 d2+ 63. Kd1 Kd3 64. a4 bxa4 65. b5 a3 66. bxa6 a2 67. a7 a1=R# 0-1

[Event "White Rook U14 Final 2019"]
[Site "Sochi"]
[Date "2019.06.06"]
[Round "1.8"]
[White "Toledo Flores, Marianna"]
[Black "Ondar, Shuru"]
[Result "1-0"]
[ECO "A12"]
[WhiteElo "1530"]
[BlackElo "1644"]
[Annotator "NA RC"]
[PlyCount "73"]
[EventDate "2019.06.02"]
[EventCountry "RUS"]
[SourceTitle "playchess.com"]
[Source "ChessBase"]
[SourceQuality "1"]
[TimeControl "5400+30"]

1. Nf3 d5 2. e3 Nf6 3. b3 Bg4 4. Be2 e6 5. Bb2 Nbd7 6. d4 Bd6 7. O-O O-O 8. c4 c6 9. Nbd2 Ne4 10. Nxe4 dxe4 11. Nd2 Bxe2 12. Qxe2 f5 13. Rfd1 b6 14. a3 Qe7 15. Nb1 c5 16. Nc3 Rad8 17. Nb5 Bb8 18. a4 a6 19. Nc3 Bc7 20. d5 e5 21. a5 Rb8 22. d6 Bxd6 23. Qd2 bxa5 24. Qxd6 Rf7 25. Ra3 Qg5 26. Qc7 Qe7 27. Rxd7 Qxd7 28. Qxb8+ Rf8 29. Qxe5 Rf7 30. Nd5 h6 31. Rxa5 f4 32. Qxe4 Qg4 33. f3 Qh4 34. exf4 Rf8 35. Rxa6 Qd8 36. Ra7 Rf7 37. Qe6 1-0

[Event "White Rook U14 Final 2019"]
[Site "Sochi"]
[Date "2019.06.06"]
[Round "1.9"]
[White "Erastov, Semen"]
[Black "Masterskih, Bogdan"]
[Result "1-0"]
[ECO "E01"]
[WhiteElo "2028"]
[BlackElo "1498"]
[Annotator "NA RC"]
[PlyCount "59"]
[EventDate "2019.06.02"]
[EventCountry "RUS"]
[SourceTitle "playchess.com"]
[Source "ChessBase"]
[SourceQuality "1"]
[TimeControl "5400+30"]

1. d4 d5 2. c4 e6 3. Nf3 Nf6 4. g3 c6 5. Nbd2 Bd6 6. Bg2 Ne4 7. O-O f5 8. Qc2 O-O 9. b3 Nd7 10. Bb2 Qf6 11. Ne1 Qh6 12. Rd1 Ndf6 13. Nxe4 fxe4 14. Bc1 Qh5 15. f3 exf3 16. exf3 e5 17. dxe5 Bxe5 18. cxd5 Nxd5 19. f4 Bf5 20. Bxd5+ cxd5 21. Qd2 Bc7 22. Qxd5+ Kh8 23. Nf3 Bb6+ 24. Kh1 Rad8 25. Qxb7 Bh3 26. Bb2 Qg4 27. Rxd8 Rxd8 28. Ne5 Qf5 29. Nf7+ Kg8 30. Nh6+ 1-0

[Event "White Rook U14 Final 2019"]
[Site "Sochi"]
[Date "2019.06.06"]
[Round "1.11"]
[White "Ermolaev, Ivan"]
[Black "Komaev, Tamerlan"]
[Result "1-0"]
[ECO "B22"]
[WhiteElo "1776"]
[BlackElo "1265"]
[Annotator "NA RC"]
[PlyCount "72"]
[EventDate "2019.06.02"]
[EventCountry "RUS"]
[SourceTitle "playchess.com"]
[Source "ChessBase"]
[SourceQuality "1"]
[TimeControl "5400+30"]

1. e4 c5 2. c3 Nf6 3. e5 Nd5 4. d4 cxd4 5. Nf3 Nc6 6. cxd4 g6 7. Bc4 Nb6 8. Bb3 d5 9. exd6 Qxd6 10. Nc3 Bg7 11. Be3 O-O 12. O-O Rd8 13. Ne4 Qd7 14. Nfg5 e6 15. Nc5 Qe7 16. Nf3 h6 17. Rc1 Kh7 18. Qd2 Qd6 19. Rfd1 Nd5 20. a3 Nb6 21. Ba2 Nd5 22. h4 Nxe3 23. fxe3 Kg8 24. b4 a5 25. b5 Ne7 26. a4 b6 27. Nd3 Bb7 28. Nfe5 Bd5 29. Bxd5 Nxd5 30. Qf2 Rf8 31. Rc6 Qd8 32. Rdc1 Bf6 33. g3 Bg7 34. e4 Nf6 35. Re1 Rc8 36. Kg2 Rxc6 1-0

[Event "White Rook U14 Final 2019"]
[Site "Sochi"]
[Date "2019.06.06"]
[Round "1.12"]
[White "Kekeeva, Sofia"]
[Black "Kuzmina, Varvara"]
[Result "1-0"]
[ECO "D85"]
[WhiteElo "1330"]
[BlackElo "1190"]
[Annotator "NA RC"]
[PlyCount "131"]
[EventDate "2019.06.02"]
[EventCountry "RUS"]
[SourceTitle "playchess.com"]
[Source "ChessBase"]
[SourceQuality "1"]
[TimeControl "5400+30"]

1. d4 Nf6 2. c4 g6 3. Nc3 d5 4. cxd5 Nxd5 5. e4 Nxc3 6. bxc3 Bg7 7. Nf3 O-O 8. Be2 c5 9. Rb1 Nc6 10. Be3 Qa5 11. d5 Bxc3+ 12. Kf1 Ne5 13. Nxe5 Bxe5 14. Rb5 Qxa2 15. Bxc5 Bd6 16. Bd4 b6 17. Rb1 Ba6 18. Rb2 Bxe2+ 19. Rxe2 Qc4 20. g3 Bc5 21. Bxc5 Qxc5 22. Qa4 a5 23. Rc2 Qb4 24. Qxb4 axb4 25. Ke2 Ra4 26. f3 Rfa8 27. Rb1 f5 28. Ke3 Ra3+ 29. Ke2 R8a4 30. exf5 gxf5 31. Rcb2 Ra2 32. Ke3 R2a3+ 33. Ke2 Ra5 34. Rxb4 Rxd5 35. Rxb6 Rdd3 36. f4 Rdc3 37. R1b2 Re3+ 38. Kf2 Kg7 39. Rd2 Rad3 40. Rc2 h5 41. Rcc6 h4 42. Rg6+ Kf7 43. Rg5 hxg3+ 44. hxg3 e6 45. Rb7+ Kf6 46. Rbg7 Rf3+ 47. Kg2 Rxg3+ 48. Rxg3 Rxg3+ 49. Rxg3 e5 50. fxe5+ Kxe5 51. Kf3 f4 52. Rg4 Kf5 53. Rxf4+ Ke5 54. Ke3 Kd5 55. Re4 Kc5 56. Rd4 Kb5 57. Kd3 Kc5 58. Kc3 Kb5 59. Rc4 Ka5 60. Rb4 Ka6 61. Rb1 Ka7 62. Kc4 Ka8 63. Kc5 Ka7 64. Kc6 Ka8 65. Kc7 Ka7 66. Ra1# 1-0

[Event "White Rook U14 Final 2019"]
[Site "Sochi"]
[Date "2019.06.06"]
[Round "1.13"]
[White "Gromov, Nikita"]
[Black "Kurus, Artem"]
[Result "0-1"]
[ECO "A46"]
[WhiteElo "1459"]
[BlackElo "1769"]
[Annotator "NA RC"]
[PlyCount "122"]
[EventDate "2019.06.02"]
[EventCountry "RUS"]
[SourceTitle "playchess.com"]
[Source "ChessBase"]
[SourceQuality "1"]
[TimeControl "5400+30"]

1. d4 Nf6 2. g3 b5 3. Bg2 d5 4. Nf3 Bb7 5. O-O e6 6. Re1 Be7 7. c3 O-O 8. Bg5 Nbd7 9. Nbd2 c5 10. Rc1 Ne4 11. Bxe7 Qxe7 12. e3 f5 13. Nxe4 fxe4 14. Nd2 e5 15. Qb3 Bc6 16. Qc2 Rf6 17. Nb3 exd4 18. cxd4 c4 19. Na5 Raf8 20. Nxc6 Rxc6 21. a3 Rcf6 22. Re2 Nb8 23. b4 Nc6 24. Rf1 a5 25. Qb2 axb4 26. axb4 Nxb4 27. Rb1 Nd3 28. Qxb5 Qf7 29. Rf1 Nxf2 30. Ree1 Qe6 31. Ra1 h6 32. Ra5 Rf5 33. h3 Qd6 34. Raa1 Qxg3 35. Rxf2 Qxf2+ 36. Kh1 Rg5 37. Rg1 Qxe3 38. Qd7 Qxd4 39. Qe6+ Kh8 40. Qe7 Qf6 41. Qa7 Qf2 42. Qd7 e3 43. Qe7 e2 44. Kh2 Qxg1+ 45. Kxg1 Rf1+ 46. Kh2 Rxg2+ 47. Kxg2 e1=Q 48. Qxe1 Rxe1 49. h4 c3 50. Kf2 c2 51. Kxe1 c1=Q+ 52. Ke2 d4 53. h5 Qe3+ 54. Kd1 Qf3+ 55. Kd2 d3 56. Kc3 Qe4 57. Kd2 Qe2+ 58. Kc3 d2 59. Kb4 d1=R 60. Kc5 Qc2+ 61. Kb6 Rb1+ 0-1

[Event "White Rook U14 Final 2019"]
[Site "Sochi"]
[Date "2019.06.06"]
[Round "1.14"]
[White "Usov, Aleksandr E."]
[Black "Novikov, Vladislav"]
[Result "1-0"]
[ECO "C10"]
[WhiteElo "1812"]
[BlackElo "1501"]
[Annotator "NA RC"]
[PlyCount "91"]
[EventDate "2019.06.02"]
[EventCountry "RUS"]
[SourceTitle "playchess.com"]
[Source "ChessBase"]
[SourceQuality "1"]
[TimeControl "5400+30"]

1. e4 e6 2. d4 d5 3. Nd2 dxe4 4. Nxe4 Bd7 5. Nf3 Bc6 6. Bd3 Nd7 7. O-O Be7 8. Ne5 Bxe4 9. Bxe4 c6 10. Qh5 Nxe5 11. dxe5 g6 12. Qe2 Bc5 13. Rd1 Qb6 14. c3 a5 15. Bg5 Ne7 16. Rd2 h6 17. Bf6 Rg8 18. Rad1 Nd5 19. c4 Nxf6 20. exf6 Qc7 21. Qd3 Bb6 22. c5 Bxc5 23. Qd7+ Qxd7 24. Rxd7 Rb8 25. Rxb7 Rc8 26. Bxc6+ Kf8 27. Rdd7 Rg7 28. fxg7+ Kxg7 29. Rxf7+ Kg8 30. Rg7+ Kh8 31. Rh7+ Kg8 32. Rbg7+ Kf8 33. Rh8+ Kxg7 34. Rxc8 Bd4 35. Be4 Bxb2 36. Rc6 Kf7 37. Bxg6+ Kxg6 38. Rxe6+ Kg5 39. g3 h5 40. f4+ Kf5 41. Re2 Bd4+ 42. Kg2 h4 43. Kf3 Kg6 44. Re6+ Kf5 45. Rd6 Bg1 46. g4# 1-0

[Event "White Rook U14 Final 2019"]
[Site "Sochi"]
[Date "2019.06.06"]
[Round "1.15"]
[White "Shuvaev, Aleksandr"]
[Black "Saikin, Ilia"]
[Result "0-1"]
[ECO "E15"]
[WhiteElo "1323"]
[BlackElo "1641"]
[Annotator "NA RC"]
[PlyCount "120"]
[EventDate "2019.06.02"]
[EventCountry "RUS"]
[SourceTitle "playchess.com"]
[Source "ChessBase"]
[SourceQuality "1"]
[TimeControl "5400+30"]

1. d4 Nf6 2. c4 e6 3. Nf3 b6 4. g3 Ba6 5. b3 Bb4+ 6. Bd2 Be7 7. Bg2 Bb7 8. O-O O-O 9. Nc3 c5 10. dxc5 bxc5 11. Qc2 Nc6 12. Rad1 Nb4 13. Qb1 a6 14. Rfe1 d6 15. Bg5 Qc7 16. a3 Nc6 17. Bxf6 Bxf6 18. Ne4 Be7 19. Neg5 g6 20. h4 Nd8 21. h5 Bxg5 22. Nxg5 Bxg2 23. Kxg2 Qe7 24. Ne4 Nb7 25. hxg6 hxg6 26. Rh1 f5 27. Qb2 e5 28. Nd2 Rf7 29. Rh2 Rh7 30. Rdh1 Rxh2+ 31. Rxh2 Rb8 32. f4 Na5 33. b4 cxb4 34. axb4 Qb7+ 35. Nf3 Nxc4 36. Qa2 Qd5 37. Kf2 e4 38. Qa1 Ne5 39. fxe5 exf3 40. e6 Qe5 41. Qxe5 dxe5 42. Kxf3 Re8 43. e4 Rxe6 44. Rc2 Kf7 45. g4 Kf6 46. gxf5 gxf5 47. exf5 Kxf5 48. Rf2 e4+ 49. Ke3+ Ke5 50. Rc2 Rd6 51. Rc5+ Rd5 52. Ra5 Rxa5 53. bxa5 Kd5 54. Kf4 Kd4 55. Kg3 Kd3 56. Kf2 Kd2 57. Kf1 e3 58. Kg2 e2 59. Kf3 e1=Q 60. Kf4 Kd3 0-1

[Event "White Rook U14 Final 2019"]
[Site "Sochi"]
[Date "2019.06.06"]
[Round "1.16"]
[White "Krupnova, Anna"]
[Black "Savchenko, Taisiya"]
[Result "1-0"]
[ECO "E73"]
[WhiteElo "1714"]
[BlackElo "1170"]
[Annotator "NA RC"]
[PlyCount "43"]
[EventDate "2019.06.02"]
[EventCountry "RUS"]
[SourceTitle "playchess.com"]
[Source "ChessBase"]
[SourceQuality "1"]
[TimeControl "5400+30"]

1. d4 g6 2. c4 Bg7 3. Nc3 d6 4. e4 Nd7 5. Be2 e5 6. d5 Ngf6 7. Bg5 O-O 8. Qd2 Re8 9. f3 a5 10. g4 Nc5 11. h4 h5 12. gxh5 gxh5 13. Nh3 Kh7 14. O-O-O Re7 15. Rdg1 Qf8 16. Be3 a4 17. Rxg7+ Qxg7 18. Rg1 Qf8 19. Bh6 Qd8 20. Qg5 Qg8 21. Qxf6 Qh8 22. Rg7+ 1-0

[Event "White Rook U14 Final 2019"]
[Site "Sochi"]
[Date "2019.06.06"]
[Round "1.17"]
[White "Novoselov, Danil"]
[Black "Khusnulgatin, Artem"]
[Result "0-1"]
[ECO "B75"]
[WhiteElo "1723"]
[BlackElo "1653"]
[Annotator "NA RC"]
[PlyCount "138"]
[EventDate "2019.06.02"]
[EventCountry "RUS"]
[SourceTitle "playchess.com"]
[Source "ChessBase"]
[SourceQuality "1"]
[TimeControl "5400+30"]

1. e4 c5 2. Nf3 d6 3. d4 cxd4 4. Nxd4 Nf6 5. Nc3 g6 6. Be3 Bg7 7. f3 Nc6 8. Bc4 Bd7 9. Qd2 a6 10. g4 Rc8 11. Bb3 Ne5 12. h4 Nc4 13. Bxc4 Rxc4 14. h5 b5 15. h6 Bf8 16. Nde2 e5 17. g5 Nh5 18. Nd5 Be6 19. b3 Rc8 20. Rxh5 Bxd5 21. Nc3 Be6 22. Rh2 Qc7 23. Nd5 Bxd5 24. exd5 Be7 25. f4 O-O 26. O-O-O Rfd8 27. Kb1 a5 28. Rf1 a4 29. Qf2 Rf8 30. fxe5 dxe5 31. Rd1 axb3 32. cxb3 Qd6 33. Qf1 Qb4 34. d6 Bd8 35. d7 Rc3 36. Bc1 Qe4+ 37. Kb2 Rc5 38. Re2 Qc6 39. Be3 Rd5 40. Qg2 Rd6 41. Rxd6 Qxd6 42. Rd2 Qe6 43. Qa8 e4 44. Kb1 Qf5 45. Qd5 Qf1+ 46. Kb2 Qe1 47. Qd4 f6 48. gxf6 Rxf6 49. Bg5 e3 50. Bxe3 Rf7 51. Bf2 Qe7 52. Kc2 b4 53. Qd5 g5 54. Bc5 Qf6 55. Bxb4 Qxh6 56. Qa8 Qf6 57. Bc3 Qf5+ 58. Kb2 Rxd7 59. Rxd7 Qxd7 60. Ba5 Qg7+ 61. Ka3 Qf8+ 62. b4 Be7 63. Qxf8+ Kxf8 64. Ka4 Ke8 65. b5 Kd7 66. Bb4 Bxb4 67. Kxb4 g4 68. Ka5 g3 69. b6 g2 0-1

[Event "White Rook U14 Final 2019"]
[Site "Sochi"]
[Date "2019.06.06"]
[Round "1.20"]
[White "Timofeeva, Darya M."]
[Black "Nasyrova, Ekaterina"]
[Result "0-1"]
[ECO "C45"]
[WhiteElo "1098"]
[BlackElo "2148"]
[Annotator "RC"]
[PlyCount "106"]
[EventDate "2019.06.02"]
[EventCountry "RUS"]
[SourceTitle "playchess.com"]
[Source "ChessBase"]
[SourceQuality "1"]
[TimeControl "5400+30"]

1. e4 e5 2. Nf3 Nc6 3. d4 exd4 4. Nxd4 Bb4+ 5. c3 Bc5 6. Be3 Bb6 7. Nxc6 bxc6 8. Bxb6 axb6 9. Bd3 Ne7 10. O-O O-O 11. Re1 Ng6 12. Nd2 d6 13. Nf3 Re8 14. Bc2 Qf6 15. Qd4 Qf4 16. e5 Qxd4 17. cxd4 Bg4 18. Bxg6 hxg6 19. a3 Bxf3 20. gxf3 dxe5 21. dxe5 Re6 22. Rad1 g5 23. Kg2 Kf8 24. Kg3 Ke7 25. f4 gxf4+ 26. Kxf4 Rh8 27. Rh1 Rh3 28. Kg4 Rb3 29. f4 Rxb2 30. Rb1 Ra2 31. Ra1 Rg6+ 32. Kf3 Rgg2 33. Rxa2 Rxa2 34. h4 Rxa3+ 35. Kg4 c5 36. Rc1 Rd3 37. h5 Rd4 38. Ra1 c4 39. Ra7 Kd7 40. Ra1 c3 41. Rc1 Rc4 42. Kg5 b5 43. f5 b4 44. f6 gxf6+ 45. exf6 Rc5+ 46. Kh6 b3 47. Kg7 b2 48. Rh1 c2 49. h6 c1=Q 50. Rh2 b1=Q 51. h7 Qg5+ 52. Kxf7 Qgg6+ 53. Kf8 Qb8# 0-1

[Event "White Rook U14 Final 2019"]
[Site "Sochi"]
[Date "2019.06.06"]
[Round "1.25"]
[White "Mongush, Kezhik"]
[Black "Morar, Kirill"]
[Result "1-0"]
[ECO "D94"]
[WhiteElo "1824"]
[BlackElo "1445"]
[Annotator "NA RC"]
[PlyCount "92"]
[EventDate "2019.06.02"]
[EventCountry "RUS"]
[SourceTitle "playchess.com"]
[Source "ChessBase"]
[SourceQuality "1"]
[TimeControl "5400+30"]

1. d4 Nf6 2. c4 g6 3. Nc3 d5 4. Nf3 Bg7 5. e3 O-O 6. Be2 h6 7. O-O Be6 8. cxd5 Nxd5 9. e4 Nxc3 10. bxc3 c5 11. d5 Bxc3 12. Rb1 Bc8 13. Bxh6 Bg7 14. Qc1 Qc7 15. Bxg7 Kxg7 16. Qc3+ Kg8 17. Rfd1 Rd8 18. Bc4 Nd7 19. Rbc1 a6 20. a4 Rb8 21. a5 b5 22. axb6 Nxb6 23. Bb3 Nd7 24. Ba4 Nf6 25. d6 Qa7 26. Qe5 Be6 27. Ng5 Kg7 28. Nxe6+ fxe6 29. Qxe6 Rxd6 30. Rxd6 exd6 31. Qxd6 Nxe4 32. Qe5+ Nf6 33. h3 Rb4 34. Bc6 Kf7 35. Bd5+ Nxd5 36. Qxd5+ Ke7 37. Qe5+ Kf7 38. Rxc5 Rb1+ 39. Kh2 Rb7 40. Qd5+ Kg7 41. Rc8 Qb6 42. Qe5+ Kf7 43. Qe8+ Kf6 44. Rc6+ Kg7 45. Qxg6+ Kh8 46. Rc8+ Qd8 1-0

[Event "White Rook U14 Final 2019"]
[Site "Sochi"]
[Date "2019.06.06"]
[Round "1.26"]
[White "Zadorozhny, Ioann"]
[Black "Fomkin, Dmitry"]
[Result "0-1"]
[ECO "B33"]
[WhiteElo "1365"]
[BlackElo "1733"]
[Annotator "NA RC"]
[PlyCount "70"]
[EventDate "2019.06.02"]
[EventCountry "RUS"]
[SourceTitle "playchess.com"]
[Source "ChessBase"]
[SourceQuality "1"]
[TimeControl "5400+30"]

1. e4 c5 2. Nf3 d6 3. d4 cxd4 4. Nxd4 Nf6 5. Nc3 Nc6 6. f3 e5 7. Ndb5 a6 8. Na3 b5 9. Nd5 Be7 10. c4 b4 11. Nc2 a5 12. Be3 Be6 13. Bb6 Qb8 14. Nc7+ Kf8 15. Nxa8 Qxa8 16. Bf2 g6 17. Qd2 Kg7 18. Ne3 Rd8 19. Nd5 Qb8 20. Be3 Nd7 21. Rd1 Bf8 22. g4 Kg8 23. h4 f6 24. h5 g5 25. Bxg5 Nd4 26. Bg2 Bxd5 27. cxd5 fxg5 28. Qxg5+ Kh8 29. Rxd4 exd4 30. Qd2 Qb6 31. g5 Ne5 32. g6 h6 33. f4 Nc4 34. Qe2 Ne3 35. f5 Rc8 0-1

[Event "White Rook U14 Final 2019"]
[Site "Sochi"]
[Date "2019.06.06"]
[Round "1.27"]
[White "Ponomarev, Andrey A."]
[Black "Morar, Dmitriy"]
[Result "0-1"]
[ECO "B66"]
[WhiteElo "1919"]
[BlackElo "1332"]
[Annotator "NA RC"]
[PlyCount "64"]
[EventDate "2019.06.02"]
[EventCountry "RUS"]
[SourceTitle "playchess.com"]
[Source "ChessBase"]
[SourceQuality "1"]
[TimeControl "5400+30"]

1. e4 c5 2. Nf3 Nc6 3. d4 cxd4 4. Nxd4 Nf6 5. Nc3 d6 6. Bg5 e6 7. Qd2 Be7 8. O-O-O O-O 9. f4 a6 10. Be2 Qc7 11. Bf3 Rd8 12. Rhe1 Rb8 13. Kb1 Nxd4 14. Qxd4 b5 15. e5 Ne8 16. Bxe7 Qxe7 17. Ne4 d5 18. Nc5 Nc7 19. a3 a5 20. g4 b4 21. a4 Na6 22. Nxa6 Bxa6 23. f5 Rdc8 24. b3 Qc7 25. Rd2 Qc3 26. Qf2 Qc5 27. Qg2 Qa7 28. f6 Rc3 29. Qg3 Rbc8 30. Qf4 Qc5 31. Bd1 Rxb3+ 32. cxb3 Qc1+ 0-1

[Event "White Rook U14 Final 2019"]
[Site "Sochi"]
[Date "2019.06.06"]
[Round "1.28"]
[White "Gutsulyak, Alisa"]
[Black "Namay, Viktoria"]
[Result "1/2-1/2"]
[ECO "B10"]
[WhiteElo "1248"]
[BlackElo "1359"]
[Annotator "NA RC"]
[PlyCount "95"]
[EventDate "2019.06.02"]
[EventCountry "RUS"]
[SourceTitle "playchess.com"]
[Source "ChessBase"]
[SourceQuality "1"]
[TimeControl "5400+30"]

1. e4 c6 2. Bc4 d5 3. Bb3 dxe4 4. Qh5 e6 5. Nc3 Nf6 6. Qh4 Be7 7. Nxe4 Nbd7 8. d3 b6 9. Ne2 Bb7 10. N2c3 c5 11. Qg3 Nxe4 12. Nxe4 Bxe4 13. dxe4 Bf6 14. c3 Rc8 15. O-O O-O 16. f4 c4 17. Bc2 Bh4 18. Qh3 e5 19. f5 Bg5 20. Qg4 Bxc1 21. Raxc1 f6 22. Rf3 Qe7 23. Rh3 Rfd8 24. Qh5 Nf8 25. Rd1 Rxd1+ 26. Bxd1 Rd8 27. Qe2 b5 28. Kf1 Qd6 29. Ke1 Nd7 30. b4 a5 31. a3 Ra8 32. Bc2 axb4 33. cxb4 Qd4 34. Qe3 Qa1+ 35. Kd2 Rc8 36. Qc3 Qg1 37. Qf3 c3+ 38. Ke2 Qc1 39. Qd3 Nb6 40. Bb3+ Kf8 41. Be6 Qb2+ 42. Ke3 Nc4+ 43. Bxc4 Rxc4 44. Qd8+ Kf7 45. Qd7+ Kf8 46. Qd8+ Kf7 47. Qd7+ Kf8 48. Qd8+ 1/2-1/2

[Event "White Rook U14 Final 2019"]
[Site "Sochi"]
[Date "2019.06.06"]
[Round "1.29"]
[White "Deminov, Ilya"]
[Black "Abrazevich, Yauheni"]
[Result "1-0"]
[ECO "C67"]
[WhiteElo "1562"]
[BlackElo "1888"]
[Annotator "NA RC"]
[PlyCount "107"]
[EventDate "2019.06.02"]
[EventCountry "RUS"]
[SourceTitle "playchess.com"]
[Source "ChessBase"]
[SourceQuality "1"]
[TimeControl "5400+30"]

1. e4 e5 2. Nf3 Nc6 3. Bb5 Nf6 4. O-O Nxe4 5. d4 Nd6 6. Bxc6 dxc6 7. dxe5 Nf5 8. Qxd8+ Kxd8 9. g4 Ne7 10. h3 h5 11. Ng5 Ke8 12. f3 Ng6 13. Re1 hxg4 14. hxg4 Be7 15. Nc3 Be6 16. Kg2 Kd7 17. Rd1+ Kc8 18. Nxe6 fxe6 19. f4 b6 20. Ne2 Kb7 21. Nd4 Rad8 22. Be3 Bc5 23. Nxe6 Rde8 24. Nxc5+ bxc5 25. Rd7 Rh4 26. Rxg7 Rxg4+ 27. Kh3 Nxe5 28. Rxg4 Nxg4 29. Bxc5 Nf6 30. Bd4 Nd5 31. Rf1 Re4 32. Be5 Re2 33. c4 Re3+ 34. Kg4 Ne7 35. Bc3 Re4 36. Re1 Rxe1 37. Bxe1 Kc8 38. f5 Kd7 39. Bb4 c5 40. Bxc5 Nc6 41. Kf4 a6 42. b4 Nd8 43. Ke5 Nf7+ 44. Kf6 Nd8 45. Kg7 Ke8 46. b5 axb5 47. cxb5 Kd7 48. a4 c6 49. b6 Nb7 50. Bb4 c5 51. Bc3 Nd6 52. f6 Ke6 53. f7 Nf5+ 54. Kh7 1-0

[Event "White Rook U14 Final 2019"]
[Site "Sochi"]
[Date "2019.06.06"]
[Round "1.32"]
[White "Zeliantsova, Kseniya"]
[Black "Deminova, Maria"]
[Result "1/2-1/2"]
[ECO "B40"]
[WhiteElo "1892"]
[BlackElo "1737"]
[Annotator "NA RC"]
[PlyCount "64"]
[EventDate "2019.06.02"]
[EventCountry "RUS"]
[SourceTitle "playchess.com"]
[Source "ChessBase"]
[SourceQuality "1"]
[TimeControl "5400+30"]

1. e4 c5 2. Nf3 e6 3. c4 Nc6 4. Nc3 Nge7 5. Be2 b6 6. d4 cxd4 7. Nxd4 Nxd4 8. Qxd4 Nc6 9. Qd1 Bb7 10. O-O Be7 11. Be3 O-O 12. f4 d6 13. Qd2 Rc8 14. Rad1 Rc7 15. b3 Rd7 16. Bf3 Qb8 17. Qf2 Rfd8 18. Qg3 Bf6 19. Nb5 Nb4 20. Nxd6 Nc2 21. Bf2 Rxd6 22. Rxd6 Rxd6 23. e5 Bxe5 24. fxe5 Rd3 25. Rd1 Qd8 26. Rxd3 Qxd3 27. h3 Nd4 28. Bxd4 Qxd4+ 29. Qf2 Qa1+ 30. Qf1 Qd4+ 31. Qf2 Qa1+ 32. Qf1 Qd4+ 1/2-1/2

[Event "White Rook U14 Final 2019"]
[Site "Sochi"]
[Date "2019.06.06"]
[Round "1.33"]
[White "Morozov, Gennady"]
[Black "Mescheryakov, Artem"]
[Result "1-0"]
[ECO "E73"]
[WhiteElo "1997"]
[BlackElo "1385"]
[Annotator "NA RC"]
[PlyCount "169"]
[EventDate "2019.06.02"]
[EventCountry "RUS"]
[SourceTitle "playchess.com"]
[Source "ChessBase"]
[SourceQuality "1"]
[TimeControl "5400+30"]

1. d4 Nf6 2. c4 g6 3. Nc3 Bg7 4. e4 d6 5. Be2 O-O 6. Bg5 h6 7. Be3 e5 8. d5 Ne8 9. Qd2 Kh7 10. g4 f5 11. gxf5 gxf5 12. exf5 Bxf5 13. Bd3 Qd7 14. Nge2 Bxd3 15. Qxd3+ Qf5 16. Qxf5+ Rxf5 17. Ng3 Rf7 18. Rg1 Nd7 19. Ke2 Ndf6 20. f3 a6 21. b4 b5 22. cxb5 axb5 23. Rgd1 Nd7 24. Nge4 Rb8 25. a3 Nef6 26. Rac1 Nxe4 27. fxe4 Nf6 28. Rf1 Re7 29. Kd3 Ng4 30. Bg1 h5 31. h3 Nh6 32. Nb1 Nf7 33. Rc6 Ra8 34. Rfc1 Ng5 35. h4 Nf3 36. Bf2 Rb8 37. Rxc7 Rxc7 38. Rxc7 Kg6 39. Rc6 Bf8 40. Nc3 Be7 41. Bc5 Bxh4 42. Bxd6 Ra8 43. Be7+ Kf7 44. Bxh4 Nxh4 45. Nxb5 Ng6 46. Ke3 h4 47. Rc2 h3 48. Kf3 Rg8 49. Kg3 Nf4+ 50. Kh2 Kg6 51. a4 Kh5 52. a5 Kh4 53. Nd6 Kg4 54. Rc3 Ne2 55. Re3 Rg6 56. Rxe2 Rxd6 57. Ra2 Kf4 58. a6 Rd8 59. a7 Kxe4 60. a8=Q Rxa8 61. Rxa8 Kxd5 62. Rc8 e4 63. b5 e3 64. b6 e2 65. Re8 Kc6 66. Rxe2 Kxb6 67. Rc2 Kb5 68. Kxh3 Kb4 69. Kg3 Kb3 70. Rc8 Kb4 71. Kf4 Kb5 72. Ke5 Kb6 73. Kd5 Kb7 74. Rc2 Kb6 75. Rc1 Kb7 76. Kd6 Kb8 77. Kd7 Kb7 78. Rb1+ Ka6 79. Kc6 Ka5 80. Rb8 Ka4 81. Kc5 Ka3 82. Kc4 Ka2 83. Kc3 Ka1 84. Kc2 Ka2 85. Ra8# 1-0

[Event "White Rook U14 Final 2019"]
[Site "Sochi"]
[Date "2019.06.06"]
[Round "1.34"]
[White "Zubtsov, Vladimir"]
[Black "Ermakov, Maksim"]
[Result "1-0"]
[ECO "B40"]
[WhiteElo "1404"]
[BlackElo "1623"]
[Annotator "NA RC"]
[PlyCount "57"]
[EventDate "2019.06.02"]
[EventCountry "RUS"]
[SourceTitle "playchess.com"]
[Source "ChessBase"]
[SourceQuality "1"]
[TimeControl "5400+30"]

1. e4 c5 2. Nf3 e6 3. c3 Nf6 4. Qc2 d5 5. exd5 Nxd5 6. d4 Nc6 7. Bb5 Bd7 8. Bxc6 Bxc6 9. O-O Be7 10. Ne5 Rc8 11. Nxc6 Rxc6 12. dxc5 Bxc5 13. Nd2 O-O 14. Nf3 Be7 15. Qe2 Bf6 16. Bd2 h6 17. Rad1 Qb6 18. c4 Ne7 19. b3 Nf5 20. Rfe1 Qc7 21. g3 Qe7 22. Bf4 Bc3 23. Bd2 Bf6 24. Bf4 Ra6 25. Qc2 Qa3 26. Re2 Rc8 27. Red2 b5 28. g4 Ne7 29. Rd8+ 1-0